 Dungeon Crawl Stone Soup version 0.29.1-13-g9f3cf754e1 (webtiles) character file.

Game seed: 17812174238492597372

2513 javelincjr the Magician (level 9, -4/68 HPs)
             Began as a Red Draconian Conjurer on Feb 6, 2023.
             Was a Follower of Sif Muna.
             Slain by a gnoll bouda
             ... wielding a +0 whip
              (6 damage)
             ... on level 7 of the Dungeon.
             The game lasted 00:25:53 (7075 turns).

javelincjr the Magician (Red Draconian Conjurer)    Turns: 7075, Time: 00:25:54

Health: -4/68      AC:  9    Str: 11    XL:     9   Next: 29%
Magic:  20/20      EV:  6    Int: 22    God:    Sif Muna [*.....]
Gold:   411        SH:  0    Dex:  9    Spells: 20/23 levels left

rFire   + . .      SeeInvis .   y - +5 hand axe
rCold   . . .      Faith    .   q - orb {light}
rNeg    . . .      Spirit   .   (body armour unavailable)
rPois   .          Reflect  .   (helmet restricted)
rElec   .          Harm     .   l - +0 cloak
rCorr   .          Rampage  .   u - +0 pair of gloves
Will    .....                   (no boots)
Stlth   +.........              (no amulet)
HPRegen 0.21/turn               (no ring)
MPRegen 0.17/turn               (no ring)

@: held, slowed, glowing, very slow
A: breathe fire, AC +7, unfitting armour, fire resistance 1, cold-blooded
a: Breathe Fire, Renounce Religion, Channel Magic


You were on level 7 of the Dungeon.
You worshipped Sif Muna.
Sif Muna was aware of your devotion.
You visited 2 branches of the dungeon, and saw 8 of its levels.

You collected 411 gold pieces.

Inventory:

Hand Weapons
 h - a +0 dagger of venom
 y - a +5 hand axe (weapon)
 z - a +1 dagger of flaming
Missiles
 f - 8 boomerangs
 o - 6 poisoned darts
 x - a throwing net
Armour
 l - a +0 cloak (worn)
 q - an orb of light (worn)
 u - a +0 pair of gloves (worn)
Wands
 c - a wand of polymorph (5)
 p - a wand of charming (13)
 E - a wand of iceblast (3)
Scrolls
 d - 4 scrolls of teleportation
 e - a scroll of fear
 i - 2 scrolls of poison
 j - a scroll of magic mapping
 s - 2 scrolls of amnesia
 t - 2 scrolls of brand weapon {unknown}
 v - a scroll of summoning {unknown}
 w - a scroll of immolation {unknown}
 A - a scroll of noise {unknown}
 B - a scroll of fog {unknown}
 C - a scroll of identify
Potions
 a - 2 potions of magic
 g - 3 potions of haste
 k - a potion of brilliance {unknown}
 m - 3 potions of attraction {unknown}
 n - 3 potions of curing {unknown}
 r - a potion of invisibility
 D - 3 potions of heal wounds {unknown}


   Skills:
 + Level 2.7 Fighting
 + Level 2.6 Short Blades
 + Level 3.8 Axes
 + Level 4.0 Dodging
 + Level 4.3 Stealth
 * Level 7.5 Spellcasting
 + Level 6.8 Conjurations


You had 20 spell levels left.
You knew the following spells:

 Your Spells              Type           Power      Damage    Failure   Level
a - Magic Dart            Conj           100%       1d8       1%          1
b - Searing Ray           Conj           76%        2d7       1%          2

Your spell library contained the following spells:

 Spells                   Type           Power      Damage    Failure   Level
 Dazzling Flash           Conj/Hex       46%        N/A       6%          3
 Freeze                   Ice            32%        1d5       8%          1
 Ensorcelled Hibernation  Hex/Ice        16%        N/A       12%         2
 Passwall                 Tmut/Erth      6%         N/A       12%         2
 Fulminant Prism          Conj/Hex       11%        3d9       19%         4
 Hailstorm                Conj/Ice       23%        3d7       19%         4
 Iskenderun's Mystic Bla  Conj/Tloc      23%        2d6       19%         4
 Frozen Ramparts          Ice            16%        1d3       24%         3
 Swiftness                Air            8%         N/A       24%         3


Dungeon Overview and Level Annotations

Branches:
Dungeon (7/15)             Temple (1/1) D:4

Altars:
Ashenzari
Dithmenos
Elyvilon
Fedhas
Hepliaklqana
Kikubaaqudgha
Nemelex Xobeh
Okawaru
Qazlal
Sif Muna
Uskayaw
Vehumet
Xom
Yredelemnul
Zin
The Shining One

Shops:
D:2 :

Portals:
Ossuary: D:7


Innate Abilities, Weirdness & Mutations

You can breathe blasts of fire.
Your fiery red scales are hard. (AC +7)
You cannot fit into any form of body armour.
Your flesh is heat resistant. (rF+)
You are cold-blooded and may be slowed by cold attacks.


Message History

A gnoll comes into view. It is wielding a +0 whip.
The gnoll throws a throwing net.
The throwing net closely misses you.
The kobold brigand hits you but does no damage.
The gnoll hits you from afar with a +0 halberd.
The kobold brigand completely misses you.
The kobold brigand attacks as you move away!
The kobold brigand hits you with a +0 short sword.
The gnoll bouda attacks as you move away!
The gnoll bouda barely misses you. The gnoll closely misses you.
The kobold brigand attacks as you move away!
The kobold brigand hits you but does no damage.
The gnoll hits you from afar with a +0 halberd!
The kobold brigand hits you with a +0 short sword.
There is a sand-covered staircase here.
The gnoll throws a throwing net.
The throwing net hits you.
You become entangled in the net!
You stop descending the stairs.
The gnoll bouda hits you with a +0 whip.
The gnoll barely misses you.
The kobold brigand hits you with a +0 short sword.
The gnoll hits you from afar with a +0 halberd.
* * * LOW HITPOINT WARNING * * *
The gnoll hits you but does no damage.
As you read the scroll labelled DYOKLO EWIUHA, it crumbles to dust.
Your body is wracked with pain!
* * * LOW HITPOINT WARNING * * *
The gnoll bouda convulses!
The gnoll convulses! x4
It was a scroll of torment.
The kobold brigand hits you but does no damage.
The gnoll barely misses you.
The gnoll bouda hits you with a +0 whip.
* * * LOW HITPOINT WARNING * * *
The gnoll hits you from afar with a +0 halberd.
* * * LOW HITPOINT WARNING * * *
The gnoll hits you but does no damage. The gnoll hits you with a +0 whip.
* * * LOW HITPOINT WARNING * * *
The gnoll hits you but does no damage.
The kobold brigand hits you with a +0 short sword.
* * * LOW HITPOINT WARNING * * *
The gnoll bouda hits you with a +0 whip.
You die...

...##.##.....##..#.##
.. #......#.....##
......###.....##
..............##
......).........
......<.........
.......gg......#
?......K........
...##..g@g...... ...
##.g....(... .
##..#.....#
#..[...### #..#..##
#######


You could see a kobold brigand, a gnoll bouda and 4 gnolls.

Vanquished Creatures
  Maggie (D:6)
  Grinder (D:4)
  Menkaure (D:6)
  Duvessa (D:6)
  An ice beast (D:5)
  A sky beast (D:6)
  4 ogres
  A centaur (D:5)
  A phantom (D:6)
  Blork the orc (D:6)
  2 scorpions
  Dowan (D:6)
  3 wights (D:6)
  A howler monkey (D:4)
  5 hounds
  2 jellies
  2 orc priests (D:6)
  Ijyb (D:4)
  4 iguanas
  4 orc wizards
  4 gnolls
  7 adders
  A white imp (D:5)
  A worm zombie (D:7)
  2 dart slugs
  19 orcs
  10 ball pythons
  5 endoplasms
  A giant cockroach (D:2)
  8 goblins
  7 hobgoblins
  9 kobolds
  7 quokkas
  5 bats
  7 frilled lizards
  A kobold zombie (D:7)
  5 rats
137 creatures vanquished.

Notes
Turn   | Place    | Note
-------+----------+-------------------------------------------
     0 | D:1      | javelincjr the Draconian Conjurer began the quest for the
                  | Orb.
     0 | D:1      | Reached XP level 1. HP: 14/14 MP: 3/3
   239 | D:1      | Reached XP level 2. HP: 20/20 MP: 3/5
   871 | D:1      | Reached XP level 3. HP: 16/26 MP: 6/6
  1010 | D:1      | Learned a level 2 spell: Searing Ray
  1530 | D:2      | Found Biucar's Book Shoppe.
  1626 | D:2      | Found a faded altar of an unknown god.
  1629 | D:2      | Reached skill level 1 in Short Blades
  1724 | D:2      | Reached XP level 4. HP: 34/34 MP: 2/7
  1884 | D:2      | Found a shimmering altar of Xom.
  2033 | D:2      | Noticed a scorpion
  2039 | D:2      | Killed a scorpion
  2419 | D:3      | Reached XP level 5. HP: 39/39 MP: 2/8
  2865 | D:3      | Found a broken altar of Ashenzari.
  3081 | D:4      | Noticed Grinder
  3101 | D:4      | Killed Grinder
  3102 | D:4      | Reached skill level 1 in Fighting
  3102 | D:4      | Reached skill level 3 in Spellcasting
  3102 | D:4      | Reached skill level 5 in Conjurations
  3102 | D:4      | Reached XP level 6. HP: 34/47 MP: 1/11
  3229 | D:4      | Reached skill level 4 in Spellcasting
  3291 | D:4      | Found a staircase to the Ecumenical Temple.
  3311 | Temple   | Entered the Ecumenical Temple
  3459 | D:4      | Your scales start taking on a fiery red colour.
  3459 | D:4      | Reached XP level 7. HP: 52/52 MP: 5/13
  3459 | D:4      | Gained mutation: Your flesh is heat resistant. (rF+) [Red
                  | Draconian growth]
  3591 | D:4      | Noticed Ijyb
  3806 | D:4      | Killed Ijyb
  4049 | D:4      | Found a shimmering blue altar of Sif Muna.
  4057 | D:4      | Became a worshipper of Sif Muna the Loreminder
  4082 | D:4      | Found an iron altar of Okawaru.
  4154 | D:5      | Entered Level 5 of the Dungeon
  4214 | D:5      | Reached skill level 5 in Spellcasting
  4596 | D:5      | Reached XP level 8. HP: 59/59 MP: 9/16
  4803 | D:5      | Found a shimmering altar of Xom.
  4895 | D:5      | Reached skill level 6 in Spellcasting
  5517 | D:6      | Reached * piety under Sif Muna
  5614 | D:6      | Reached skill level 1 in Axes
  5614 | D:6      | Reached skill level 7 in Spellcasting
  6069 | D:6      | Noticed Blork the orc
  6077 | D:6      | Killed Blork the orc
  6120 | D:6      | Noticed Maggie
  6148 | D:6      | Killed Maggie
  6149 | D:6      | Reached XP level 9. HP: 41/68 MP: 4/19
  6414 | D:6      | Noticed Menkaure
  6418 | D:6      | Killed Menkaure
  6627 | D:6      | Noticed Duvessa
  6627 | D:6      | Noticed Dowan
  6633 | D:6      | Killed Dowan
  6638 | D:6      | Killed Duvessa
  6942 | D:6      | Found a glowing golden altar of the Shining One.
  7047 | D:7      | Found a sand-covered staircase.
  7075 | D:7      | HP: 3/68 [gnoll/+0 whip[a gnoll bouda] (1)]
  7075 | D:7      | Slain by a gnoll bouda

Illustrated notes

Levels and vault maps discovered:
D:1:      amcnicky_arrival_gap_in_the_tavern_cellar, layout_basic,
          grunt_decor_fettered
D:2:      layout_loops_ring, serial_shops, nicolae_shop_advertising_works
          [nicolae_subvault_shop_adworks], basic_altar,
          hellmonk_ecumenical_altar_arch_garden
D:3:      layout_loops_ring, ashenzari_altar_1, kennysheep_potato
D:4:      layout_gridville, okawaru_ov_weapons_minmay, tgw_sif,
          minmay_temple_entry_statues, uniq_ijyb, uniq_grinder
D:5:      layout_basic, xom_teletrap_fun, st_stairs_10, kennysheep_flooded_box,
          kennysheep_generic_room_15
D:6:      layout_gridville, tso_oasis_becter, uniq_maggie, uniq_duvessa,
          uniq_menkaure, uniq_blork_the_orc
D:7:      layout_cave_pools, enter_ossuary_3
Temple:   hellmonk_temple_forest_ring

Skill      XL: |  1  2  3  4  5  6  7  8  9 |
---------------+----------------------------+-----
Dodging        | 2 3 4 |  4.0
Stealth        | 2 3 4 |  4.3
Short Blades   | 1 2 |  2.6
Fighting       | 1 2 |  2.7
Spellcasting   | 3 4 5 7 |  7.5
Conjurations   | 5 6 |  6.8
Axes           | 3 |  3.8

Action                   |  1- 3 |  4- 6 |  7- 9 || total
-------------------------+-------+-------+-------++-------
Melee: Short sword       |    68 |       |       ||    68
       Tailslap          |    11 |     2 |     9 ||    22
       Dagger            |       |    16 |     4 ||    20
       Hand axe          |       |       |    56 ||    56
 Cast: Magic Dart        |    55 |    31 |    58 ||   144
       Searing Ray       |       |     5 |    30 ||    35
 Abil: Breathe Fire      |       |       |    12 ||    12
  Use: Scroll            |       |     6 |     1 ||     7
 Stab: Sleeping          |     1 |     1 |       ||     2
Armor: Skin              |    28 |    12 |    46 ||    86
Dodge: Dodged            |    55 |     6 |    60 ||   121
